 Dungeon Crawl Stone Soup version 0.28-a0-925-gd5e1996cdb (webtiles) character file.

Game seed: 8284678756338259432

367 bearlyready the Bolt Thrower (level 7, -1/40 HPs)
             Began as a Kobold Hunter on Nov 26, 2021.
             Slain by a wyvern (14 damage)
             ... on level 7 of the Dungeon.
             The game lasted 00:07:04 (5566 turns).

bearlyready the Bolt Thrower (Kobold Hunter)        Turns: 5566, Time: 00:07:05

Health: -1/40      AC:  7    Str:  8 (9)  XL:     7   Next: 1%
Magic:  7/7        EV:  7    Int: 12 (13) God:
Gold:   81         SH:  0    Dex: 14 (17) Spells: 6/6 levels left

rFire   . . .      SeeInvis .   a - +1 hand crossbow
rCold   . . .      Faith    .   (shield restricted)
rNeg    . . .      Spirit   .   c - +0 leather armour
rPois   .          Reflect  .   u - +2 helmet
rElec   .          Harm     .   (no cloak)
rCorr   .          Rampage  .   (no gloves)
Will    .....                   l - +0 pair of boots
Stlth   +++.......              (no amulet)
HPRegen 0.13/turn               (no ring)
MPRegen 0.10/turn               (no ring)

@: held
A: small, no large weapons, nightstalker 3
a: no special abilities


You were on level 7 of the Dungeon.
You visited 1 branch of the dungeon, and saw 6 of its levels.

You collected 81 gold pieces.

Inventory:

Hand Weapons
 a - a +1 hand crossbow (weapon)
 b - a +0 short sword
Missiles
 d - 56 bolts (quivered ammo)
 e - 39 poisoned darts
 m - 2 throwing nets
Armour
 c - a +0 leather armour (worn)
 g - a +0 helmet
 j - the +4 plate armour of Hadjma {Harm rElec rC- Dex-3}
   (You found it on level 1 of the Dungeon)

   Dex:       It affects your dexterity (-3).
   rC:        It makes you vulnerable to cold.
   rElec:     It insulates you from electricity.
   Harm:      It increases damage dealt and taken.
 l - a +0 pair of boots (worn)
 u - a +2 helmet (worn)
Scrolls
 o - 2 scrolls of brand weapon
 r - a scroll of noise
 s - a scroll of silence {unknown}
 t - a scroll of vulnerability {unknown}
Potions
 h - 2 potions of flight
 q - a potion of degeneration


   Skills:
 - Level 2.1 Fighting
 + Level 5.6 Short Blades
 - Level 7.0 Crossbows
 + Level 1.3 Throwing
 - Level 2.4 Dodging
 + Level 2.9 Stealth


You had 6 spell levels left.
You didn't know any spells.
Your spell library contained the following spells:

 Spells                   Type           Power      Damage    Failure   Level
 Dazzling Flash           Conj/Hex       0%         N/A       82%         3
 Agony                    Necr           0%         N/A       100%        5
 Silence                  Hex/Air        0%         N/A       100%        5


Dungeon Overview and Level Annotations

Branches:
Dungeon (5/15)             Temple (0/1) D:5

Altars:

Shops:
D:1 (   D:4 [

Annotations:
D:4 Dowan, Duvessa
D:7 Harold, Pikel


Innate Abilities, Weirdness & Mutations

You are small and have problems with some larger weapons.
You are completely attuned to the shadows.


Message History

The lemure hits you.
A lemure comes into view.
A lemure comes into view.
An orc warrior comes into view. It is wielding a +0 flail.
The lemure shouts! x2; The orc warrior shouts!
You hear a shout!
You hear an angry hiss. x2
A wyvern and Harold come into view.
Harold is wielding a +0 short sword and wearing a +1 chain mail of positive energy.
The wyvern hisses angrily.
The lemure hits you but does no damage.
A centaur skeleton comes into view.
Harold asks, "Do you mind if I name my boat the 'bearlyready'?
Your head will be paying for it, after all."
Harold fires a harpoon shot at you. The harpoon shot misses you.
The harpoon shot hits the lemure!!
Harold hits you with a +0 short sword! The centaur skeleton misses you.
The centaur skeleton kicks you but does no damage.
The centaur skeleton barely misses you.
The centaur skeleton kicks you but does no damage.
The lemure misses you.
The centaur skeleton closely misses you.
The centaur skeleton misses you.
The centaur skeleton closely misses you.
The centaur skeleton kicks you but does no damage.
Blink to where?
Press: ? - help, Dir - move target
As you read the scroll labelled XOUMYI COOMPEO, it crumbles to dust.
It was a scroll of blinking.
Harold throws a throwing net.
The throwing net hits you.
You become entangled in the net!
As you read the scroll labelled FIGEHI VUTHRA, it crumbles to dust.
You feel aware of your surroundings.
You sensed 1 altar.
It was a scroll of magic mapping.
The wyvern closely misses you.
Unknown command.
As you read the scroll labelled YSIGISK YNNOUL, it crumbles to dust.
Your body is wracked with pain!
The wyvern convulses!
The orc warrior convulses!
Harold convulses!
Pikel convulses!
It was a scroll of torment.
The wyvern bites you but does no damage.
The wyvern bites you!
You die...

#########
........#
#########
*****
........#
#@l.....#
**,,,,
........#
#.55o...#
**,,,,,
........#
#.5Z....#
*,,,,,,
........#
#.@.K...#
*,,,,,,
........#
#.......#
*,,,,,,
........#
#.......#
*,,,,,,
........#
#.......#
*,,,,,,
........#
#.......#
*,,,,,,
........#
#.#.#####
**,,,,,


You could see Harold, Pikel, an orc warrior, a wyvern, 3 lemures and a centaur
skeleton.

Vanquished Creatures
  A hornet zombie (D:5)
  A bullfrog skeleton (D:4)
  Jessica (D:3)
  2 hound skeletons
  4 gnolls
  5 adders
  5 worms
  3 dart slugs
  2 orcs
  4 endoplasms (D:3)
  3 giant cockroaches
  12 goblins
  12 hobgoblins
  11 jackals
  4 quokkas
  5 ball pythons
  3 bats (D:1)
  4 frilled lizards
  7 kobolds
  5 rats (D:1)
94 creatures vanquished.

Notes
Turn   | Place    | Note
-------+----------+-------------------------------------------
     0 | D:1      | bearlyready the Kobold Hunter began the quest for the Orb.
     0 | D:1      | Reached XP level 1. HP: 12/12 MP: 1/1
   638 | D:1      | Reached skill level 1 in Short Blades
   638 | D:1      | Reached skill level 5 in Crossbows
   670 | D:1      | Reached XP level 2. HP: 17/17 MP: 2/2
   773 | D:1      | Found a faded altar of an unknown god.
   822 | D:1      | Identified the +4 plate armour of Hadjma {Harm rElec rC-
                  | Dex-3}
  1086 | D:1      | Found Wycigof's Antique Weapon Shop.
  1107 | D:1      | Reached XP level 3. HP: 18/21 MP: 3/3
  1553 | D:2      | Reached XP level 4. HP: 26/26 MP: 4/4
  1722 | D:2      | Reached skill level 6 in Crossbows
  2047 | D:2      | Reached XP level 5. HP: 25/30 MP: 5/5
  3916 | D:3      | Noticed Jessica
  3934 | D:3      | Killed Jessica
  3935 | D:3      | Reached XP level 6. HP: 26/35 MP: 6/6
  4455 | D:4      | Reached skill level 5 in Short Blades
  4585 | D:4      | Reached skill level 7 in Crossbows
  4942 | D:4      | Found Uhokh's Armour Shoppe.
  4957 | D:4      | Noticed Duvessa
  4959 | D:4      | Noticed Dowan
  5076 | D:5      | Entered Level 5 of the Dungeon
  5250 | D:5      | Reached skill level 1 in Throwing
  5250 | D:5      | Reached XP level 7. HP: 9/40 MP: 7/7
  5505 | D:5      | Found a staircase to the Ecumenical Temple.
  5505 | D:5      | You fall into a shaft and drop 2 floors!
  5531 | D:7      | Noticed Pikel
  5553 | D:7      | Noticed Harold
  5553 | D:7      | Noticed a wyvern
  5566 | D:7      | Slain by a wyvern

Illustrated notes

Levels and vault maps discovered:
D:1:      dpeg_chamrin_arrival_tetris, layout_rooms, serial_shops, shop,
          hellmonk_ecumenical_altar_lost_god
D:2:      layout_rooms
D:3:      layout_loops_ring, serial_forest, infiniplex_forest_clump_small,
          infiniplex_forest_lined_2, infiniplex_forest_diagonal,
          infiniplex_forest_end_3, infiniplex_forest_straight_4,
          infiniplex_forest_3_way, infiniplex_forest_straight_4,
          infiniplex_forest_corner_1, infiniplex_forest_straight_3,
          infiniplex_forest_corner_2, kennysheep_nub,
          chequers_serial_rivers_small_3, uniq_jessica
D:4:      layout_rooms, serial_shops, shop, uniq_duvessa
D:5:      layout_basic, temple_fountains
D:7:      layout_rooms, amcnicky_altar_gilded, uniq_pikel, uniq_harold

Skill      XL: |  1  2  3  4  5  6 |
---------------+-------------------+-----
Short Blades   | 1 2 3 4 5 |  5.6
Crossbows      | 5 6 7 |  7.0
Stealth        | 2 |  2.9
Throwing       | 1 |  1.3
Fighting       | |  2.1
Dodging        | |  2.4

Action                   |  1- 3 |  4- 6 |  7- 9 || total
-------------------------+-------+-------+-------++-------
Melee: Short sword       |    53 |   294 |       ||   347
 Fire: Hand crossbow     |    21 |    37 |       ||    58
Throw: Dart              |       |     1 |       ||     1
  Use: Potion            |       |     5 |       ||     5
       Scroll            |       |       |     5 ||     5
 Stab: Sleeping          |    11 |    14 |       ||    25
       Distracted        |       |     2 |       ||     2
Armor: Leather armour    |     8 |    73 |     5 ||    86
Dodge: Dodged            |    36 |   188 |    11 ||   235

Table legend: (Time is in decaauts)
 A = Elapsed time spent in this place.
 B = Non-inter-level travel time spent in this place.
 C = Inter-level travel time spent in this place.
 D = Time resting spent in this place.
 E = Time spent auto-exploring this place.
 F = Levels seen in this place.
 G = Mean time per level.
                   A        B        C        D        E       F      G
               +--------+--------+--------+--------+--------+-----+--------+
         Total |   5542 |   5357 |    185 |    853 |   3545 |   6 |  923.7 |
       Dungeon |   5542 |   5357 |    185 |    853 |   3545 |   6 |  923.7 |
               +--------+--------+--------+--------+--------+-----+--------+

Top non-repeatable levels by time:
     D:1: 1668 daAuts
     D:3: 1412 daAuts
     D:2: 1383 daAuts
     D:4: 590 daAuts
     D:5: 426 daAuts
     D:7: 60 daAuts
